 Dungeon Crawl Stone Soup version 0.29-a0-284-gf9362112df (webtiles) character file.

Game seed: 3574330643743158591

17 sammy202020 the Skirmisher (level 2, 24/24 HPs)
             Began as a Demonspawn Berserker on Mar 20, 2022.
             Was a Follower of Trog.
             Quit the game on level 1 of the Dungeon.
             The game lasted 00:01:00 (1175 turns).

sammy202020 the Skirmisher (Demonspawn Berserker)   Turns: 1175, Time: 00:01:00

Health: 24/24      AC:  2    Str: 17    XL:     2   Next: 44%
Magic:  2/2        EV: 12    Int: 10    God:    Trog [*.....]
Gold:   25         SH:  0    Dex: 18    Spells: 1/1 levels left

rFire   . . .      SeeInvis .   a - +0 mace
rCold   . . .      Faith    .   (no shield)
rNeg    . . .      Spirit   .   b - +0 animal skin
rPois   .          Reflect  .   (no helmet)
rElec   .          Harm     .   (no cloak)
rCorr   +          Rampage  .   (no gloves)
Will    .....                   (no boots)
Stlth   ++........              (no amulet)
HPRegen 0.08/turn               c - +6 ring of dexterity
MPRegen 0.08/turn               f - ring of resist corrosion

@: no status effects
A: big brain 1
a: Renounce Religion, Berserk


You were on level 1 of the Dungeon.
You worshipped Trog.
Trog was aware of your devotion.
You visited 1 branch of the dungeon, and saw 1 of its levels.

You collected 25 gold pieces.

Inventory:

Hand Weapons
 a - a +0 mace (weapon)
Armour
 b - a +0 animal skin (worn)
Jewellery
 c - a +6 ring of dexterity (left hand)
 f - a ring of resist corrosion (right hand)
Scrolls
 d - a scroll of teleportation {unknown}
 e - 3 scrolls of fear {unknown}
 g - a scroll of amnesia {unknown}


   Skills:
 * Level 3.2 Fighting
 * Level 3.0 Maces & Flails
 * Level 2.1 Armour
 + Level 1.9 Dodging


You had one spell level left.
You didn't know any spells.
Your spell library was empty.

Dungeon Overview and Level Annotations

Branches:
Dungeon (1/15)

Altars:


Innate Abilities, Weirdness & Mutations

You have an unusually large brain. (Int +2)


Message History

You closely miss the quokka.
The quokka is severely wounded.
The quokka barely misses you.
You closely miss the quokka.
The quokka is severely wounded.
The quokka barely misses you. The quokka closely misses you.
You hit the quokka but do no damage.
The quokka is severely wounded.
The quokka bites you.
You sock the quokka!
You kill the quokka!
Trog accepts your kill.
No target in view!
You see here a quokka corpse.
Found a runed cloak.
You see here a +2 cloak.
You see here a +2 cloak.
You see here a quokka corpse.
A ball python comes into view.
The helpless ball python fails to defend itself.
You hit the ball python.
You kill the ball python!
Trog accepts your kill.
No target in view!
No target in view!
No target in view!
No target in view!
No target in view!
No target in view!
No target in view!
No target in view!
No target in view!
No target in view!
No target in view!
No target in view!
No target in view!
No target in view!
Found a bubbling red potion.
Unknown command.
Are you sure you want to abandon this character and quit the game? (Confirm with "yes".)

####### ##.#### #.# ####
#.# ...# # ######.####
##.##### .# #.........#
.......#
###.###.####.##.#
##[###.#####
#........###.##.##
##.#.......#
#.#.###..##.......
...#.#.###.#.###@#.#
#.........## ####.#.#
#.#!......# #.#.....###
#...# #.#####.###
#...##.##### #..##
#.#####.#############...
#..####.#.........# #...
#..>....#.###.###.# #...
##†######.# #.### #...
###.# #.# #...# #...
##.#.# #.# #.#.# #...


There were no monsters in sight!

Vanquished Creatures
  2 bats (D:1)
  An endoplasm (D:1)
  4 goblins (D:1)
  4 quokkas (D:1)
  2 ball pythons (D:1)
  A frilled lizard (D:1)
14 creatures vanquished.

Notes
Turn   | Place    | Note
-------+----------+-------------------------------------------
     0 | D:1      | sammy202020 the Demonspawn Berserker began the quest for
                  | the Orb.
     0 | D:1      | Reached XP level 1. HP: 18/18 MP: 1/1
   400 | D:1      | Found a faded altar of an unknown god.
   548 | D:1      | Gained mutation: You have an unusually large brain. (Int
                  | +2) [demonic ancestry]
   548 | D:1      | Reached XP level 2. HP: 19/24 MP: 2/2
  1175 | D:1      | Quit the game

Illustrated notes

Levels and vault maps discovered:
D:1:      lemuel_arrival_river_bridge, layout_loops_corners,
          chequers_ecumenical_altar_simple_redux, dreamdust_mushroom_princess

Skill      XL: |  1  2 |
---------------+-------+-----
Armour         | 2 |  2.1
Maces & Flails | 3 |  3.0
Fighting       | |  3.2
Dodging        | |  1.9

Action                   || total
-------------------------++-------
Melee: Mace              ||    55
 Stab: Sleeping          ||     4
Armor: Animal skin       ||     8
Dodge: Dodged            ||    43

Table legend: (Time is in decaauts)
 A = Elapsed time spent in this place.
 B = Non-inter-level travel time spent in this place.
 C = Inter-level travel time spent in this place.
 D = Time resting spent in this place.
 E = Time spent auto-exploring this place.
 F = Levels seen in this place.
 G = Mean time per level.
                   A        B        C        D        E       F      G
               +--------+--------+--------+--------+--------+-----+--------+
         Total |   1188 |   1188 |      0 |      0 |   1038 |   1 | 1188.0 |
       Dungeon |   1188 |   1188 |      0 |      0 |   1038 |   1 | 1188.0 |
               +--------+--------+--------+--------+--------+-----+--------+

Top non-repeatable levels by time:
     D:1: 1188 daAuts
